 Dungeon Crawl Stone Soup version 0.26.0-10-g1f06aea511 (webtiles) character file.

Game seed: 13500080755311992425

56 Dracia the Insei (level 3, -5/35 HPs)
             Began as a Gnoll Wanderer on Jan 14, 2021.
             Slain by a centaur (8 damage)
             ... on level 3 of the Dungeon.
             The game lasted 00:03:53 (2841 turns).

Dracia the Insei (Gnoll Wanderer)                   Turns: 2841, Time: 00:03:53

Health: -5/35      AC:  4    Str: 13    XL:     3   Next: 95%
Magic:  4/4        EV: 11    Int: 12    God:
Gold:   48         SH:  0    Dex: 18    Spells: 4/4 levels left

rFire    . . .     SeeInvis .   r - +0 lajatang
rCold    . . .     Faith    .   (shield currently unavailable)
rNeg     . . .     Spirit   .   p - +0 leather armour
rPois    .         Reflect  .   (no helmet)
rElec    .         Harm     .   (no cloak)
rCorr    .         Rampage  .   q - +0 pair of gloves
Will     .....     Rnd*Tele +   (no boots)
Stlth    +.........             (no amulet)
HPRegen  0.11/turn              t - ring of teleportation (curse)
MPRegen  0.09/turn              (no ring)

@: very slow
A: distributed training, fangs 1, strong nose
a: no special abilities


You were on level 3 of the Dungeon.
You visited 1 branch of the dungeon, and saw 3 of its levels.

You collected 48 gold pieces.


Innate Abilities, Weirdness & Mutations

Your experience applies equally to all skills.
You have very sharp teeth.
Your uncanny sense of smell can sniff out nearby items.


   Skills:
 + Level 6.5 Fighting
 + Level 1.0 Short Blades
 + Level 2.6 Long Blades
 + Level 1.0 Axes
 + Level 1.0 Maces & Flails
 + Level 1.0 Polearms
 + Level 1.0 Staves
 + Level 1.0 Slings
 + Level 1.0 Bows
 + Level 1.0 Crossbows
 + Level 2.6 Throwing
 + Level 1.0 Armour
 + Level 1.0 Dodging
 + Level 2.4 Stealth
 + Level 1.0 Shields
 + Level 6.5 Unarmed Combat
 + Level 1.0 Spellcasting
 + Level 0.7 Conjurations
 + Level 0.7 Hexes
 + Level 0.7 Summonings
 + Level 0.7 Necromancy
 + Level 0.7 Translocations
 + Level 0.7 Transmutations
 + Level 0.7 Fire Magic
 + Level 0.7 Ice Magic
 + Level 0.7 Air Magic
 + Level 0.7 Earth Magic
 + Level 0.7 Poison Magic
 + Level 1.0 Invocations
 + Level 2.6 Evocations


You had 4 spell levels left.
You didn't know any spells.
Your spell library was empty.

Inventory:

Hand Weapons
 a - a +0 dagger
 r - a +0 lajatang (weapon)
Armour
 c - a +0 robe
 p - a +0 leather armour (worn)
 q - a +0 pair of gloves (worn)
Jewellery
 t - a cursed ring of teleportation (left hand)
Wands
 d - a wand of flame (15) (quivered)
Scrolls
 e - 3 scrolls of magic mapping {unknown}
 g - a scroll of enchant armour {unknown}
 h - a scroll of teleportation {unknown}
 n - a scroll of identify {unknown}
 s - a scroll of random uselessness {unknown}
 v - a scroll of fear {unknown}
 x - a scroll of immolation {unknown}
 y - a scroll of amnesia {unknown}
Potions
 b - 2 potions of lignification
 f - a potion of brilliance {unknown}
 i - 3 potions of heal wounds {unknown}
 j - 2 potions of mutation {unknown}
 k - 2 potions of degeneration {unknown}
 l - a potion of resistance {unknown}
 m - a potion of curing {unknown}
 o - a potion of cancellation {unknown}
 u - a potion of berserk rage {unknown}
 w - a potion of might {unknown}

Dungeon Overview and Level Annotations

Branches:
Dungeon (3/15)

Altars:

### #≈≈# ∆ #≈≈P#
#≈≈P.# ##≈≈≈(.# ######
##≈≈≈..P# #.....
##≈(.P# #..... #@(≈≈.#
#..... #c≈≈≈≈≈# ####
#≈≈≈≈≈≈≈# #...
#≈≈≈≈≈≈≈.# #.#.
≈≈≈≈≈≈≈≈..# #.#.
##≈≈≈≈≈≈.PP..
######†#.
##≈≈≈≈≈#######......#.
#≈≈≈≈≈≈ #.######. #.#
#.


You could see a centaur.


Message History

A centaur comes into view.
The centaur shouts!
The centaur wields a +0 shortbow.
The centaur shoots an arrow.
The arrow hits you.
You hear a splash.
The centaur shoots an arrow.
The arrow hits you!
You hear a splash.
Found 2 arrows.
You see here 2 arrows.
The centaur shoots an arrow.
The arrow closely misses you.
The centaur shoots an arrow.
The arrow hits you!
* * * LOW HITPOINT WARNING * * *
You hear a splash.
You see here an arrow.
Unknown command.
The centaur unwields a +0 shortbow.
The centaur barely misses you. The centaur misses you.
You closely miss the centaur. The centaur hits you.
* * * LOW HITPOINT WARNING * * *
The centaur misses you.
You slash the centaur!
The centaur is moderately wounded.
The centaur barely misses you. The centaur hits you.
* * * LOW HITPOINT WARNING * * *
You slash the centaur! You bite the centaur, but do no damage.
The centaur is severely wounded.
The centaur hits you!
* * * LOW HITPOINT WARNING * * *
The centaur hits you!
You die...

Skill      XL: |  1  2  3 |
---------------+----------+-----
Invocations    | 1 |  1.0
Short Blades   | 1 |  1.0
Axes           | 1 |  1.0
Maces & Flails | 1 |  1.0
Polearms       | 1 |  1.0
Staves         | 1 |  1.0
Slings         | 1 |  1.0
Bows           | 1 |  1.0
Crossbows      | 1 |  1.0
Armour         | 1 |  1.0
Dodging        | 1 |  1.0
Shields        | 1 |  1.0
Spellcasting   | 1 |  1.0
Fighting       | |  6.5
Long Blades    | |  2.6
Throwing       | |  2.6
Stealth        | |  2.4
Unarmed Combat | |  6.5
Conjurations   | |  0.7
Hexes          | |  0.7
Summonings     | |  0.7
Necromancy     | |  0.7
Translocations | |  0.7
Transmutations | |  0.7
Fire Magic     | |  0.7
Ice Magic      | |  0.7
Air Magic      | |  0.7
Earth Magic    | |  0.7
Poison Magic   | |  0.7
Evocations     | |  2.6

Action                   || total
-------------------------++-------
Melee: Dagger            ||   116
       Bite              ||    14
       Punch             ||     1
       Lajatang          ||    19
 Stab: Sleeping          ||    10
Armor: Robe              ||    19
       Leather armour    ||    14
Dodge: Dodged            ||    86

Levels and vault maps discovered:
D:1:      ncdulo_smallfort, layout_basic, minmay_misc_feat_four_crosses
D:2:      layout_loops_corners
D:3:      wad_lake_hut, layout_basic, grunt_temple_overflow_opulence

Notes
Turn   | Place    | Note
-------+----------+-------------------------------------------
     0 | D:1      | Dracia the Gnoll Wanderer began the quest for the Orb.
     0 | D:1      | Dracia set off with the following items: a +0 dagger, 2
                  | potions of lignification, a +0 robe, a wand of flame (15)
     0 | D:1      | Reached XP level 1. HP: 23/23 MP: 1/1
   311 | D:1      | Reached XP level 2. HP: 24/29 MP: 2/2
   946 | D:1      | Reached XP level 3. HP: 25/35 MP: 3/3
  2070 | D:2      | Reached skill level 1 in Invocations
  2555 | D:2      | Reached skill level 1 in Short Blades
  2555 | D:2      | Reached skill level 1 in Axes
  2555 | D:2      | Reached skill level 1 in Maces & Flails
  2555 | D:2      | Reached skill level 1 in Polearms
  2555 | D:2      | Reached skill level 1 in Staves
  2555 | D:2      | Reached skill level 1 in Slings
  2555 | D:2      | Reached skill level 1 in Bows
  2555 | D:2      | Reached skill level 1 in Crossbows
  2555 | D:2      | Reached skill level 1 in Armour
  2555 | D:2      | Reached skill level 1 in Dodging
  2555 | D:2      | Reached skill level 1 in Shields
  2555 | D:2      | Reached skill level 1 in Spellcasting
  2836 | D:3      | Noticed a centaur
  2841 | D:3      | HP: 3/35 [centaur (7)]
  2841 | D:3      | Slain by a centaur

Vanquished Creatures
  An ooze (D:1)
  3 dart slugs
  2 leopard geckos
  2 ball pythons (D:1)
  2 giant cockroaches (D:1)
  6 goblins
  4 hobgoblins
  2 jackals (D:1)
  2 kobolds (D:1)
  3 quokkas (D:2)
  4 bats (D:1)
  A frilled lizard (D:2)
  9 rats
41 creatures vanquished.

Table legend: (Time is in decaauts)
 A = Elapsed time spent in this place.
 B = Non-inter-level travel time spent in this place.
 C = Inter-level travel time spent in this place.
 D = Time resting spent in this place.
 E = Time spent auto-exploring this place.
 F = Levels seen in this place.
 G = Mean time per level.
                   A        B        C        D        E       F      G
               +--------+--------+--------+--------+--------+-----+--------+
         Total |   2843 |   2741 |    102 |    250 |   2161 |   3 |  947.7 |
       Dungeon |   2843 |   2741 |    102 |    250 |   2161 |   3 |  947.7 |
               +--------+--------+--------+--------+--------+-----+--------+

Top non-repeatable levels by time:
     D:1: 1632 daAuts
     D:2: 1142 daAuts
     D:3: 69 daAuts

Table legend:
 A = Non-vault XP
 B = Vault XP
 C = Vault XP percentage of total XP
 D = Non-vault monster count
 E = Vault monster count
 F = Vault count percentage of total count
                 A         B        C        D         E       F
            +---------+---------+-------+---------+---------+-------
      Total |      80 |       0 |   0.0 |      41 |       0 |   0.0
            +---------+---------+-------+---------+---------+-------
        D:1 |      42 |       0 |   0.0 |      23 |       0 |   0.0
        D:2 |      35 |       0 |   0.0 |      17 |       0 |   0.0
        D:3 |       3 |       0 |   0.0 |       1 |       0 |   0.0
            +---------+---------+-------+---------+---------+-------
